 Dungeon Crawl Stone Soup version 0.25-a0-713-g4845790874 (webtiles) character file.

Game seed: 1943416812284277630, levelgen mode: deterministic

197 MirrMurr the Sneak (level 5, -2/24 HPs)
             Began as a Spriggan Enchanter on Apr 5, 2020.
             Was a Follower of Okawaru.
             Slain by Sigmund
             ... wielding a +3 scythe of freezing
              (7 damage)
             ... on level 2 of the Dungeon.
             The game lasted 00:05:21 (2251 turns).

MirrMurr the Sneak (Spriggan Enchanter)             Turns: 2251, Time: 00:05:22

Health: -2/24      AC:  3    Str:  5    XL:     5   Next: 46%
Magic:  6/10       EV: 18    Int: 16    God:    Okawaru [*.....]
Gold:   85         SH:  0    Dex: 17    Spells: 0/9 levels left

rFire    . . .     SeeInvis +   a - +1 dagger
rCold    . . .     Gourm    .   (shield restricted)
rNeg     . . .     Faith    .   b - +1 robe
rPois    .         Spirit   .   (helmet restricted)
rElec    .         Reflect  .   (no cloak)
rCorr    .         Harm     .   (gloves unavailable)
MR       .....                  (boots unavailable)
Stlth    ++++......             (no amulet)
HPRegen  0.08/turn              (no ring)
MPRegen  0.12/turn              (no ring)

@: very slightly contaminated, very quick
A: very small, unfitting armour, see invisible, herbivore, speed 3, slow
metabolism 2
a: Heroism, Renounce Religion


You were on level 2 of the Dungeon.
You worshipped Okawaru.
Okawaru was aware of your devotion.
You were hungry.

You visited 1 branch of the dungeon, and saw 4 of its levels.

You collected 127 gold pieces.
You spent 42 gold pieces at shops.

Inventory:

Hand Weapons
 a - a +1 dagger (weapon)
Missiles
 g - 20 sling bullets
 h - 39 stones (quivered)
Armour
 b - a +1 robe (worn)
Jewellery
 j - an uncursed amulet of rage {unknown}
Potions
 d - a potion of lignification {unknown}
 e - 2 potions of degeneration {unknown}
 f - a potion of invisibility {unknown}
 i - a potion of curing
Comestibles
 c - 3 rations


   Skills:
 + Level 4.2 Short Blades
 - Level 3.0 Dodging
 + Level 7.5 Stealth
 - Level 2.6 Spellcasting
 - Level 3.6 Hexes


You couldn't memorise any spells.
You knew the following spells:

 Your Spells              Type           Power        Failure   Level  Hunger
a - Ensorcelled Hibernat  Hex/Ice        #.....       14%         2    ##.....
b - Confusing Touch       Hex            ##......     13%         3    ###....
c - Tukima's Dance        Hex            ##......     13%         3    ###....
C - Corona                Hex            ##.....      4%          1    #......

Your spell library contained the following spells:

 Spells                   Type           Power        Failure   Level  Hunger
 Dazzling Flash           Conj/Hex       #.....       28%         3    ###....


Dungeon Overview and Level Annotations

Branches:
Dungeon (4/15)
 Temple: D:4-7

Altars:
Elyvilon
Makhleb
Okawaru
Sif Muna

Shops:
D:4 !

Annotations:
D:2 Sigmund


Innate Abilities, Weirdness & Mutations

You are very small and have problems with some larger weapons.
You are too small for most types of armour.
You have supernaturally acute eyesight. (SInv)
You are a herbivore.
You cover ground extremely quickly.
You need to consume almost no food.


Message History

Press: ? - help, Shift-Dir - straight line, f - Sigmund
Aim: Sigmund, wielding a +3 scythe of freezing and wearing a +0 robe (chance to defeat MR: 48%) Sigmund resists with some effort.
Sigmund completely misses you.
You hit Sigmund.
Sigmund is lightly wounded.
Casting: Ensorcelled Hibernation (safe; 14% risk of failure)
Confirm with . or Enter, or press ? or * to list all spells.
Aiming: Ensorcelled Hibernation (safe; 14% risk of failure)
Press: ? - help, Shift-Dir - straight line, f/p - Sigmund
Aim: Sigmund, wielding a +3 scythe of freezing and wearing a +0 robe (lightly wounded, chance to defeat MR: 48%)
You miscast Ensorcelled Hibernation.
You are very lightly contaminated with residual magic.
You feel off-balance for a moment. Sigmund closely misses you.
You hit Sigmund.
Sigmund is lightly wounded.
Sigmund hits you with a +3 scythe of freezing!
Ouch! That really hurt!
* * * LOW HITPOINT WARNING * * *
Sigmund freezes you!
You die...

####
##.####### #.#
...# #.#
#####.### ##.#
#.# #.......#
...# #+#
#.###.#.# ##.#
#.###.#.# # .#
. #.#...#.#
##.# ...
#.#.#.#.#
...##
.....#.#.....#
....+
......@@..?.!#
...##
.............#
.###
.....###.#.#.#
.# ...#
#......# .# ..
#####..# .#
#+# ...# .#
#.# #.# .# #.#
.#
.########.##


You could see Sigmund.

Vanquished Creatures
  5 worker ants (D:4)
  A hound skeleton (D:4)
  3 adders
  An ooze (D:3)
  2 worms
  A dart slug (D:2)
  2 orcs
  A bat (D:3)
  3 goblins
  A hobgoblin (D:2)
  2 kobolds
  4 quokkas
  A ball python (D:4)
  A quokka skeleton (D:4)
  5 rats
33 creatures vanquished.

Notes
Turn   | Place    | Note
-------+----------+-------------------------------------------
     0 | D:1      | MirrMurr the Spriggan Enchanter began the quest for the
                  | Orb.
     0 | D:1      | Reached XP level 1. HP: 9/9 MP: 5/5
    78 | D:2      | Found an iron altar of Okawaru.
    93 | D:2      | Became a worshipper of Warmaster Okawaru
   444 | D:2      | Found a white marble altar of Elyvilon.
   468 | D:2      | Reached skill level 5 in Stealth
   468 | D:2      | Reached XP level 2. HP: 13/13 MP: 6/6
   472 | D:2      | Learned a level 2 spell: Ensorcelled Hibernation
   888 | D:3      | Reached XP level 3. HP: 16/16 MP: 8/8
   898 | D:3      | Found a burning altar of Makhleb.
   899 | D:3      | You fall into a shaft and drop 1 floor!
   900 | D:4      | Noticed an ogre
   987 | D:4      | Learned a level 3 spell: Confusing Touch
  1218 | D:4      | Found a shimmering blue altar of Sif Muna.
  1222 | D:4      | Reached skill level 6 in Stealth
  1222 | D:4      | Reached XP level 4. HP: 21/21 MP: 6/9
  1289 | D:4      | Found Pojeoh's Distillery.
  1296 | D:4      | Bought a potion of curing for 42 gold pieces
  1741 | D:4      | Reached * piety under Okawaru
  1741 | D:4      | Reached skill level 7 in Stealth
  1741 | D:4      | Reached XP level 5. HP: 18/24 MP: 7/10
  1768 | D:4      | Learned a level 3 spell: Tukima's Dance
  2242 | D:2      | Noticed Sigmund
  2251 | D:2      | Slain by Sigmund

Levels and vault maps discovered:
D:1:      nicolae_arrival_somewhat_less_tricky_arrival, layout_basic,
          minmay_distorted
D:2:      layout_loops_corners, elyvilon_altar_5, okawaru_metal_pillars_1_2,
          uniq_sigmund
D:3:      layout_loops_ring, lemuel_round_altar, minmay_misc_feat_enclosed
D:4:      layout_loops_ring, nemelex_xobeh_ov_fountains_minmay, led_sif_book,
          serial_shops, shop, uniq_menkaure, uniq_crazy_yiuf_cottage

Skill      XL: |  1  2  3  4  5 |
---------------+----------------+-----
Stealth        | 5 6 7 |  7.5
Short Blades   | 2 3 4 |  4.2
Dodging        | |  3.0
Spellcasting   | |  2.6
Hexes          | |  3.6

Action                   |  1- 3 |  4- 6 || total
-------------------------+-------+-------++-------
Melee: Dagger            |    55 |    61 ||   116
 Cast: Corona            |     1 |       ||     1
       Ensorcelled Hiber |     2 |    15 ||    17
  Use: Scroll            |       |     3 ||     3
 Stab: Sleeping          |     9 |    11 ||    20
Armor: Robe              |     3 |     2 ||     5
Dodge: Dodged            |    33 |    46 ||    79

Table legend:
 A = Non-vault XP
 B = Vault XP
 C = Vault XP percentage of total XP
 D = Non-vault monster count
 E = Vault monster count
 F = Vault count percentage of total count
                 A         B        C        D         E       F
            +---------+---------+-------+---------+---------+-------
      Total |     282 |       0 |   0.0 |      33 |       0 |   0.0
            +---------+---------+-------+---------+---------+-------
        D:2 |      46 |       0 |   0.0 |      13 |       0 |   0.0
        D:3 |      23 |       0 |   0.0 |       8 |       0 |   0.0
        D:4 |     213 |       0 |   0.0 |      12 |       0 |   0.0
            +---------+---------+-------+---------+---------+-------
